 Dungeon Crawl Stone Soup version 0.17.0-25-gefc9c12 (console) character file.

61 gw the Sneak (level 3, -9/30 HPs)
             Began as a Deep Dwarf Enchanter on Nov 19, 2015.
             Was a Follower of Zin.
             Mangled by a polar bear (25 damage)
             ... created by the rage of Trog
             ... on level 3 of the Dungeon.
             The game lasted 00:02:08 (2448 turns).

gw the Sneak (Deep Dwarf Enchanter)                 Turns: 2448, Time: 00:02:08

Health: -9/30      AC:  3    Str: 11    XL:     3   Next: 83%
Magic:  0/6        EV: 12    Int: 16    God:    Zin [*.....]
Gold:   120        SH:  0    Dex: 16    Spells: 3 memorised, 1 level left

rFire  . . .     SeeInvis .     a - +2 dagger
rCold  . . .     Clarity  .     k - +0 leather armour
rNeg   . . .     SustAt   .     (no shield)
rPois  .         Gourm    .     (no helmet)
rElec  .         Spirit   .     (no cloak)
rCorr  .         Warding  .     (no gloves)
rMut   .         Stasis   .     (no boots)
MR     .....                    (no amulet)
Stlth  ++........               (no ring)
                                l - +3 ring of dexterity

@: non-regenerating, not resistant to hostile enchantments, unstealthy
A: damage resistance, recharge devices, sense surroundings 1, slow regeneration
3
a: Device Recharging, Recite, Donate Gold, Renounce Religion


You were on level 3 of the Dungeon.
You worshipped Zin.
Zin was aware of your devotion.
You were hungry.

You visited 1 branch of the dungeon, and saw 3 of its levels.

You collected 133 gold pieces.
You donated 13 gold pieces to Zin.

Inventory:

Hand Weapons
 a - a +2 dagger (weapon)
Missiles
 m - 23 bolts
Armour
 k - a +0 leather armour (worn)
Jewellery
 l - a +3 ring of dexterity (left hand)
Wands
 d - a wand of heal wounds (2)
Scrolls
 h - a scroll of remove curse
Potions
 g - a potion of curing
Books
 c - a book of Maledictions

   Spells                             Type                      Level
   a - Corona                         Hexes                        1
   b - Ensorcelled Hibernation        Hexes/Ice                    2
   c - Confuse                        Hexes                        3
   d - Tukima's Dance                 Hexes                        3
   e - Dazzling Spray                 Conjuration/Hexes            3
Comestibles
 e - 2 bread rations
 f - a slice of pizza


   Skills:
 + Level 0.8 Fighting
 + Level 1.1 Short Blades
 + Level 1.4 Armour
 - Level 2.1 Dodging
 - Level 3.6 Stealth
 * Level 2.5 Spellcasting
 + Level 2.7 Hexes
 - Level 0.3 Evocations


You had one spell level left.
You knew the following spells:

 Your Spells              Type           Power        Failure   Level  Hunger
a - Corona                Hex            ##.....      12%         1    #......
b - Ensorcelled Hibernat  Hex/Ice        #.....       21%         2    ##.....
c - Confuse               Hex            ##......     30%         3    ###....


Dungeon Overview and Level Annotations

Branches:
Dungeon (3/15)

Altars:
Trog
Zin


Innate Abilities, Weirdness & Mutations

You are resistant to damage.
You can recharge devices by infusing magical energy.
You passively map a small area around you.
You do not regenerate naturally.


Message History

The polar bear claws you.
There's no appreciative audience!
FLEEEEING!
ATTACKING (0,1)
You hit the polar bear but do no damage.
The polar bear bites you! The polar bear barely misses you.
The polar bear closely misses you. The polar bear bites you!!
Zin protects you from harm! The polar bear completely misses you.
The polar bear closely misses you.
Evoke which item? (* to show all) (? for menu, Esc to quit)
Zapping:
d - a wand of heal wounds (3)
Press: ? - help, Shift-Dir - straight line, f - you You feel much better.
This wand has 2 charges left.
The polar bear bites you! The polar bear barely misses you. x2
There's no appreciative audience!
FLEEEEING!
ATTACKING (0,1)
You barely miss the polar bear. The polar bear bites you!!
Ouch! That really hurt!
You die...

** * ##* , , , > .
, , ** * *#. ***
.### * ,, ,,..# *
,#.# #.# #g# #.#
.###.#h### #.#
h....h.h..#
#.#########
#######.#.#
#.##....... *
#.#.# #.##..##.##
, #<#.# #.##..##.#
#.#.####.##..##.#
#.#.#....##..##.##
#.#....####.......


You could see a polar bear (berserk) and a black bear (berserk).

Table legend:
 A = Turns spent in this place as a percentage of turns spent in the entire game.
 B = Non-inter-level travel turns spent in this place as a percentage of non-inter-level travel turns spent in the entire game.
 C = Inter-level travel turns spent in this place as a percentage of turns spent in this place.
 D = Turns resting spent in this place as a percentage of non-inter-level travel turns spent in this place.
 E = Turns spent auto-exploring this place as a percentage of non-inter-level travel turns spent in this place.
 F = Non-inter-level travel turns spent in this place divided by the number of levels of this place that you've seen.
                   A       B       C       D       E      F
               +-------+-------+-------+-------+-------+----------------------
         Total | 100.0 | 100.0 |   0.5 |   2.4 |   2.6 | 1128.3
       Dungeon | 100.0 | 100.0 |   0.5 |   2.4 |   2.6 | 1128.3
               +-------+-------+-------+-------+-------+----------------------

Table legend:
 A = Kills in this place as a percentage of kills in entire the game.
 B = Kills by you in this place as a percentage of kills by you in the entire game.
 C = Kills by friends in this place as a percentage of kills by friends in the entire game.
 D = Other kills in this place as a percentage of other kills in the entire game.
 E = Experience gained in this place as a percentage of experience gained in the entire game.
 F = Experience gained in this place divided by the number of levels of this place that you have seen.
                   A       B       C       D       E      F
               +-------+-------+-------+-------+-------+----------------------
         Total | 100.0 | 100.0 |  -nan |  -nan | 100.0 |  29.3
       Dungeon | 100.0 | 100.0 |  -nan |  -nan | 100.0 |  29.3
               +-------+-------+-------+-------+-------+----------------------

Vanquished Creatures
  2 adders (D:2)
  2 giant geckos (D:2)
  2 orcs (D:3)
  A ball python (D:2)
  4 bats
  6 goblins
  3 hobgoblins
  3 jackals (D:2)
  3 kobolds
  3 giant cockroaches
  3 giant newts
  A quokka (D:2)
  5 rats
38 creatures vanquished.

Notes
Turn   | Place    | Note
--------------------------------------------------------------
     0 | D:1      | gw the Deep Dwarf Enchanter began the quest for the Orb.
     0 | D:1      | Reached XP level 1. HP: 15/15 MP: 3/3
   382 | D:1      | Reached skill level 1 in Short Blades
   462 | D:1      | Reached XP level 2. HP: 22/24 MP: 4/4
   477 | D:1      | Learned a level 2 spell: Ensorcelled Hibernation
  1078 | D:2      | Reached skill level 1 in Armour
  1081 | D:2      | Reached XP level 3. HP: 20/30 MP: 1/6
  1134 | D:2      | Learned a level 3 spell: Confuse
  1574 | D:2      | Found a bloodstained altar of Trog.
  1580 | D:2      | Became a worshipper of Trog the Wrathful
  1581 | D:2      | Fell from the grace of Trog
  1874 | D:2      | Found a glowing silver altar of Zin.
  1974 | D:2      | Became a worshipper of Zin the Law-Giver
  1974 | D:2      | Reached * piety under Zin
  2244 | D:2      | Learned a level 1 spell: Corona
  2442 | D:3      | Noticed a black bear
  2442 | D:3      | Noticed a polar bear
  2442 | D:3      | Noticed a polar bear
  2446 | D:3      | Zin protects you from harm!
  2448 | D:3      | Mangled by a polar bear

Action                   || total
-------------------------++-------
Melee: Dagger            ||    88
 Cast: Corona            ||    17
       Ensorcelled Hiber ||    13
       Confuse           ||    18
Invok: Renounce Religion ||     1
Evoke: Wand              ||     3
  Use: Scroll            ||     5
       Potion            ||     5
 Stab: Sleeping          ||    18
       Confused          ||     2
  Eat: Chunk             ||     8

Vault maps used:
D:1:      lightli_arrival_flooded_house, minmay_misc_feat_tower,
          solitary_fountain
D:2:      old_standard_altar, bloody_trog
